 Dungeon Crawl Stone Soup version 0.30.1-4-g462c640d31 (webtiles) character file.

Game seed: 4743688407688152387

403 Hetzau the Scholar of Death (level 6, -3/32 HPs)
             Began as a Deep Elf Necromancer on Sept 16, 2023.
             Was a Follower of Kikubaaqudgha.
             Slain by a sky beast (6 damage)
             ... on level 5 of the Dungeon.
             The game lasted 01:00:56 (5968 turns).

Hetzau the Scholar of Death (Deep Elf Necromancer)  Turns: 5968, Time: 01:00:57

Health: -3/32      AC:  6    Str:  5    XL:     6   Next: 55%
Magic:  8/16       EV: 13    Int: 22    God:    Kikubaaqudgha [*.....]
Gold:   138        SH:  5    Dex: 15    Spells: 8/16 levels left

rFire   . . .        v - +2 hand axe (pain)
rCold   + . .        (no shield)
rNeg    . . .        c - +0 leather armour
rPois   .            n - +0 helmet
rElec   .            (no cloak)
rCorr   .            (no gloves)
SInv    .            u - +1 pair of boots
Will    .....        s - amulet of reflection
Stlth   ++           t - ring of protection from cold
HPRegen 0.25/turn    (no ring)
MPRegen 0.15/turn

%: reflection
@: animating dead
A: no striking features
a: Renounce Religion, Unearth Wretches


You were on level 5 of the Dungeon.
You worshipped Kikubaaqudgha.
Kikubaaqudgha was aware of your devotion.
You visited 1 branch of the dungeon, and saw 5 of its levels.

You collected 233 gold pieces.
You spent 95 gold pieces at shops.

Inventory:

Hand Weapons
 o - a +2 heavy mace
 v - a +2 hand axe of pain (weapon)
Missiles
 j - 11 poisoned darts
Armour
 c - a +0 leather armour (worn)
 n - a +0 helmet (worn)
 u - a +1 pair of boots (worn)
Jewellery
 f - a ring of see invisible
 s - an amulet of reflection (around neck)
 t - a ring of protection from cold (left hand)
Wands
 b - a wand of digging (6)
 d - a wand of mindburst (10)
 y - a wand of flame (10)
Scrolls
 a - a scroll of enchant weapon {unknown}
 e - 4 scrolls of identify {unknown}
 g - 3 scrolls of poison {unknown}
 i - 2 scrolls of blinking {unknown}
 l - a scroll of enchant armour {unknown}
 r - 2 scrolls of teleportation {unknown}
Potions
 h - a potion of heal wounds {unknown}
 k - a potion of curing {unknown}
 m - a potion of lignification {unknown}
 q - a potion of might {unknown}
 w - a potion of magic
 x - a potion of attraction {unknown}


   Skills:
 + Level 5.1 Dodging
 - Level 3.0 Stealth
 + Level 5.8 Spellcasting
 + Level 6.7 Necromancy


You had 8 spell levels left.
You knew the following spells:

 Your Spells              Type           Power      Damage    Failure   Level
a - Necrotise             Necr           100%       1d9       1%          1
b - Animate Dead          Necr           36%        N/A       10%         4
c - Vampiric Draining     Necr           36%        2d8       3%          3

Your spell library contained the following spells:

 Spells                   Type           Power      Damage    Failure   Level
 Sublimation of Blood     Necr           36%        N/A       1%          2
 Kiss of Death            Conj/Necr      84%        2d11      3%          1
 Cigotuvi's Dreadful Rot  Necr/Pois/Air  32%        N/A       10%         2
 Agony                    Necr           36%        N/A       26%         5
 Portal Projectile        Hex/Tloc       12%        N/A       43%         3
 Tukima's Dance           Hex            6%         N/A       43%         3
 Petrify                  Tmut/Erth      6%         N/A       83%         4
 Blade Hands              Tmut           3%         N/A       99%         5
 Irradiate                Conj/Tmut      3%         3d12      99%         5
 Simulacrum               Ice/Necr       10%        N/A       99%         6
 Ozocubu's Refrigeration  Ice            3%         4d8       100%        7
 Polar Vortex             Ice            3%         N/A       100%        9


Dungeon Overview and Level Annotations

Branches:
Dungeon (5/15)
 Temple: D:4-7

Altars:
Ashenzari
Fedhas
Kikubaaqudgha
Qazlal
Uskayaw

Shops:
D:3 ?*:=

Annotations:
D:2 Terence


Message History

The ufetubus barely misses you.
Your scorpion zombie hits the ogre.
Aiming: Necrotise (safe; 1% risk of failure)
Press: ? - help, Q - select action, (/) - cycle Shift-Dir - straight line, f/p - ufetubus
Aim: an ufetubus (heavily wounded, not susceptible)
The ufetubus is unaffected.
The ufetubus misses you.
The ufetubus hits you but does no damage.
Something hits you but does no damage. You block the ufetubus's attack.
The ufetubus barely misses you.
A sky beast appears from thin air!
Reactivating autopickup.
The sky beast closely misses you.
Your scorpion zombie hits the ogre.
The sky beast attacks as you move away!
The sky beast hits you but does no damage.
The ufetubus attacks as you move away! The ufetubus closely misses you.
The ufetubus hits you.
* * * LOW HITPOINT WARNING * * *
The ufetubus hits you but does no damage. x2
The ufetubus attacks as you move away! The ufetubus closely misses you.
You block the ufetubus's attack. The sky beast closely misses you.
You open the door. The ufetubus closely misses you.
You block the ufetubus's attack.
The sky beast flickers out of sight!
Deactivating autopickup; reactivate with Ctrl-A.
Something hits you but does no damage. The ogre misses you.
The ufetubus closely misses you. The ufetubus barely misses you.
Your scorpion zombie barely misses the ogre.
Something hits you.
* * * LOW HITPOINT WARNING * * *
Something shocks you.
* * * LOW HITPOINT WARNING * * *
Your scorpion zombie hits the ogre.
There is an open door here.
Your scorpion zombie hits the ufetubus.
Something hits you but does no damage. Something hits you but does no damage.
Something hits you.
* * * LOW HITPOINT WARNING * * *
Something shocks you.
You die...
Kikubaaqudgha rasps: "You have failed me!
Welcome... death!"

.. ### #.#..# .. ... ........
..############ #<# #.#..#.######
.............# #.# #.#..#.#....#
#........##.# #.# #.#..#.#.##.#
##........##.# #.# #.#..#.#..#Z#
..........##.# #.###.#..#.#..#.#
...######....###........#<#..#.#
...######...Z.O.@............#.#
...#....'......5..≈≈§..##.####.##
........#........§§§≈§..........#
........#.....?..§§_§§.#......###
##......#........≈§§§≈........#
#......#........≈≈.≈≈........#
.....####....##..≈≈.≈≈....#####
...... #....###§≈§..§.##.#
.................§.8.≈.####


You could see an ogre (ally target), an ufetubus and a friendly scorpion zombie.

Vanquished Creatures
  A scorpion (D:5)
  3 jellies
  An iguana (D:5)
  Robin (D:2)
  3 gnolls (D:3)
  3 adders
  An ufetubus (D:4)
  4 dart slugs
  2 worms
  4 orcs
  9 ball pythons
  10 endoplasms
  3 giant cockroaches
  10 goblins
  5 hobgoblins
  12 jackals
  13 kobolds
  4 quokkas
  7 bats
  7 frilled lizards
  An orc zombie (D:4)
  7 rats
111 creatures vanquished.

Vanquished Creatures (collateral kills)
  A gnoll (D:3)
  An adder (D:5)
  3 endoplasms
  A goblin (D:2)
  2 hobgoblins
  A ball python (D:4)
  2 bats
  2 frilled lizards
  A kobold (D:2)
  A rat (D:1)
15 creatures vanquished.

Vanquished Creatures (others)
  A bat zombie (D:3)
  A ball python zombie (D:3)
  An endoplasm zombie (D:3)
  An orc zombie (D:4)
4 creatures vanquished.

Grand Total: 130 creatures vanquished

Notes
Turn   | Place    | Note
-------+----------+-------------------------------------------
     0 | D:1      | Hetzau the Deep Elf Necromancer began the quest for the
                  | Orb.
     0 | D:1      | Reached XP level 1. HP: 10/10 MP: 6/6
   156 | D:1      | Reached skill level 5 in Necromancy
   156 | D:1      | Reached XP level 2. HP: 15/15 MP: 6/8
   585 | D:1      | Reached XP level 3. HP: 19/19 MP: 7/10
  1001 | D:2      | Reached XP level 4. HP: 24/24 MP: 7/12
  1063 | D:2      | Learned a level 4 spell: Animate Dead
  1232 | D:2      | Learned a level 3 spell: Vampiric Draining
  1369 | D:2      | Noticed Robin
  1430 | D:2      | Reached XP level 5. HP: 28/28 MP: 9/13
  1699 | D:2      | Noticed Terence
  1711 | D:2      | Found a broken altar of Ashenzari.
  1775 | D:2      | Killed Robin
  2038 | D:3      | Found a broken altar of Ashenzari.
  2263 | D:3      | Reached skill level 6 in Necromancy
  3023 | D:3      | Found Onil's Assorted Antiques.
  3026 | D:3      | Bought a shiny bronze ring for 95 gold pieces
  3069 | D:3      | Found Etoacuiss's Book Shop.
  3154 | D:3      | Found Ohegahapuk's Jewellery Emporium.
  3186 | D:3      | Reached skill level 5 in Spellcasting
  3287 | D:3      | Found a faded altar of an unknown god.
  3606 | D:3      | Found Hoam's Magic Scroll Boutique.
  3814 | D:3      | Prayed at the altar of an unknown god.
  3814 | D:3      | Became a worshipper of Kikubaaqudgha
  3814 | D:3      | Reached * piety under Kikubaaqudgha
  3814 | D:3      | Received a gift from Kikubaaqudgha
  4314 | D:4      | Noticed a +0 spear
  4314 | D:4      | Noticed a +0 spear
  4314 | D:4      | Noticed a +0 falchion
  4314 | D:4      | Noticed a +0 dagger
  4314 | D:4      | Noticed a +0 short sword
  4314 | D:4      | Noticed a +0 short sword
  4318 | D:4      | Noticed a +0 falchion
  4318 | D:4      | Noticed a +0 dagger
  4537 | D:4      | Reached XP level 6. HP: 32/32 MP: 6/16
  5398 | D:4      | Found a hide-covered altar of Uskayaw.
  5692 | D:5      | Entered Level 5 of the Dungeon
  5751 | D:5      | Noticed a water moccasin
  5829 | D:5      | Found a blossoming altar of Fedhas.
  5937 | D:5      | Found a stormy altar of Qazlal.
  5937 | D:5      | Noticed a sky beast
  5947 | D:5      | Reached skill level 5 in Dodging
  5968 | D:5      | Slain by a sky beast

Illustrated notes

Levels and vault maps discovered:
D:1:      minmay_arrival_up_and_down, layout_basic
D:2:      cheibrodos_fertilizer, layout_basic, basic_altar, uniq_terence,
          uniq_robin
D:3:      kennysheep_six_static_rooms, layout_rooms,
          mainiacjoe_overflow_small_starburst,
          shapermc_ecumenical_altar_acropolis, serial_forest,
          infiniplex_forest_lined_2, infiniplex_forest_clump_medium,
          infiniplex_forest_straight_5, infiniplex_forest_end_3,
          infiniplex_forest_end_double, infiniplex_forest_lined_room_3,
          infiniplex_forest_clump_curved, serial_shops, shop,
          nicolae_shop_tiny_waterfront, nicolae_shop_just_a_little_nook,
          nicolae_shop_real_fake_doors, chequers_serial_rivers_room_a
D:4:      layout_loops_corners, nicolae_uskayaw_en_pointe
D:5:      layout_basic, mainiacjoe_overflow_catwalk,
          nicolae_qazlal_beasts_of_the_sky

Skill      XL: |  1  2  3  4  5  6 |
---------------+-------------------+-----
Necromancy     | 5 6 |  6.7
Stealth        | 3 |  3.0
Dodging        | 3 4 5 |  5.1
Spellcasting   | 4 5 |  5.8

Action                     |  1- 3 |  4- 6 || total
---------------------------+-------+-------++-------
  Melee: Unarmed           |     2 |       ||     2
         Short sword       |    14 |       ||    14
         Mace              |       |   257 ||   257
         Punch             |       |     7 ||     7
         Hand axe          |       |    20 ||    20
   Cast: Necrotise         |    53 |   125 ||   178
         Animate Dead      |       |    11 ||    11
    Use: Potion            |       |     1 ||     1
   Stab: Sleeping          |       |     1 ||     1
 Armour: Leather armour    |    12 |    45 ||    57
  Dodge: Dodged            |    23 |    97 ||   120
  Block: Other             |       |    22 ||    22
         Reflection        |       |     1 ||     1
